[Event "Team 45 45 League T37"]
[Site "Internet Chess Club"]
[Date "2008.06.24"]
[Round "9"]
[White "PandorasBox"]
[Black "fledermaus"]
[Result "1-0"]
[WhiteElo "2165"]
[BlackElo "2021"]
[Opening "Queen's bishop game"]
[ECO "D02"]
[Time "16:47:16"]
[TimeControl "2700+45"]

1. d4 d5 2. Nf3 Nf6 3. Bf4 e6 4. Nbd2 c5 5. e3 Nc6 6. c3 Bd6 7. Bg3 O-O 8. Bd3
Qe7 9. Ne5 Bxe5 10. dxe5 Nd7 11. f4 f6 12. Qh5 g6 13. exf6 Qxf6 14. Qf3 Qg7 15.
O-O Nde5 16. Qe2 Nxd3 17. Qxd3 b6 18. e4 Ne7 19. Bh4 Bb7 20. Qh3 Qf7 21. Nf3 Bc8
22. Ne5 Qg7 23. Bg5 Re8 24. Ng4 e5 25. Nh6+ Kh8 26. Qh4 Ng8 27. fxe5 Nxh6 28.
Bxh6 Qxe5 29. Rf7 Be6 30. Bf4 Qh5 31. Qf6+ {Black resigns} 1-0

[Event "Team 45 45 League T37"]
[Site "Internet Chess Club"]
[Date "2008.06.22"]
[Round "9"]
[White "Wheels"]
[Black "pishd"]
[Result "1/2-1/2"]
[WhiteElo "1794"]
[BlackElo "1825"]
[Opening "Caro-Kann: Tartakower (fantasy) variation"]
[ECO "B12"]
[Time "09:02:47"]
[TimeControl "2700+45"]

1. e4 c6 2. d4 d5 3. f3 dxe4 4. fxe4 e5 5. Nf3 Bg4 6. Be3 Nd7 7. c3 Ngf6 8. Bd3
Qb6 9. Qc2 Bd6 10. Nbd2 O-O 11. O-O-O Qc7 12. Nc4 b5 13. Nxd6 Qxd6 14. h3 Be6
15. Kb1 Qc7 16. dxe5 Nxe5 17. Bf4 Nfd7 18. Nd4 Qb6 19. Be2 Bc4 20. Nf5 Rad8 21.
Rd2 Bxe2 22. Rxe2 Rfe8 23. b3 c5 24. Rd1 c4 25. b4 Nd3 26. Bc1 N7e5 27. Be3 Qb7
28. Bd4 a5 29. Bxe5 Rxe5 30. bxa5 b4 31. cxb4 Qxb4+ 32. Ka1 Rxa5 33. Qb2 Qxb2+
34. Rxb2 g6 35. Ne3 Rc8 36. Rc2 Nb4 37. Rb2 Nd3 38. Rc2 Nb4 39. Rb2 Nd3 40. Rc2
{Game drawn by repetition} 1/2-1/2

[Event "Team 45 45 League T37"]
[Site "Internet Chess Club"]
[Date "2008.06.20"]
[Round "9"]
[White "Bill-W"]
[Black "cgrau"]
[Result "1/2-1/2"]
[WhiteElo "1677"]
[BlackElo "1781"]
[Opening "Scandinavian (center counter) defense"]
[ECO "B01"]
[Time "14:02:08"]
[TimeControl "2700+45"]

1. e4 d5 2. exd5 Qxd5 3. Nc3 Qa5 4. d4 Nf6 5. Nf3 c6 6. Ne5 Be6 7. Nc4 Bxc4 8.
Bxc4 e6 9. O-O Be7 10. Re1 Nbd7 11. Bd2 Qc7 12. Qe2 Nb6 13. Bd3 Rd8 14. Be3 O-O
15. Ne4 Nbd5 16. Nxf6+ Nxf6 17. c3 Nd5 18. Bd2 Nf4 19. Bxf4 Qxf4 20. g3 Qf6 21.
a4 c5 22. dxc5 Bxc5 23. Be4 b6 24. Qc2 g6 25. b4 Be7 26. a5 b5 27. a6 Rc8 28.
Qd3 Qxc3 29. Qxb5 Qxb4 30. Qd7 Bc5 31. Rab1 Qd4 32. Qxd4 Bxd4 33. Rb7 e5 34. Bd5
Rc2 35. Rf1 Rc5 36. Rd7 Ra5 37. Bb7 Ra2 38. Kg2 Re8 39. Rxf7 Kxf7 40. Bd5+ Kf6
41. Bxa2 Rb8 42. Rb1 Rxb1 43. Bxb1 Bc5 44. h4 Bb6 45. g4 h6 46. Kg3 g5 47. hxg5+
{Game drawn by mutual agreement} 1/2-1/2

[Event "Team 45 45 League T37"]
[Site "Internet Chess Club"]
[Date "2008.06.21"]
[Round "9"]
[White "bmw2002"]
[Black "jacknor"]
[Result "1/2-1/2"]
[WhiteElo "1640"]
[BlackElo "1627"]
[Opening "English: ultra-symmetrical variation"]
[ECO "A36"]
[Time "16:11:32"]
[TimeControl "2700+45"]

1. c4 c5 2. g3 Nc6 3. Bg2 g6 4. Nc3 Bg7 5. d3 d6 6. Nf3 Nf6 7. O-O O-O 8. Rb1
Bd7 9. a3 Qc8 10. b4 b6 11. b5 Nd8 12. Ng5 Rb8 13. Bd2 h6 14. Nge4 Nxe4 15. Bxe4
Bf5 16. Bh1 Bh3 17. Re1 Bd7 18. Qa4 Bxc3 19. Bxc3 Qc7 20. Rbc1 Ne6 21. Ba1 Rbd8
22. Qb3 Kh7 23. Qc3 Rg8 24. Bd5 Rdf8 25. e3 Ng7 26. Be4 Bf5 27. Bg2 Qd7 28. d4
g5 29. dxc5 dxc5 30. Rcd1 Qc7 31. h3 Bc8 32. Rd2 Bb7 33. Bxb7 Qxb7 34. Red1 Re8
35. Rd7 Qb8 36. Qd3+ Kh8 37. Qf5 Rgf8 38. h4 gxh4 39. Qh5 f6 40. Qxh6+ Kg8 41.
Qxh4 Kf7 42. Qe4 Qa8 43. Qxa8 Rxa8 44. Rb7 Rfb8 45. Rdd7 Rxb7 46. Rxb7 Nf5 47.
f3 Nxe3 48. Kf2 Nxc4 49. a4 Nd6 50. Rc7 a6 51. Rc6 axb5 52. Rxb6 Rxa4 53. Bc3 b4
54. Bd2 Ra2 55. Ke1 Nc4 56. Bxb4 cxb4 57. Rxb4 Ne5 58. Rb3 Ke6 59. Re3 Kf7 60.
g4 e6 61. g5 Ng6 62. gxf6 Kxf6 63. Re2 Ra8 64. Kf2 Re8 65. Kg3 Kf5 66. Re4 e5
67. Ra4 Nf4 68. Ra5 Rg8+ 69. Kf2 Rg2+ 70. Kf1 Rc2 71. Ra4 Nh3 72. Ke1 Rf2 73.
Ra3 Kf4 74. Ra4+ Kxf3 75. Ra3+ Kg4 76. Rxh3 Rf3 77. Rh2 Ra3 78. Rf2 e4 79. Ke2
Kg3 80. Rf1 Rf3 81. Rg1+ Kf4 82. Rg8 Re3+ 83. Kf2 Rb3 84. Rf8+ Ke5 85. Ke2 Rb6
86. Ke3 Rb3+ 87. Ke2 Kd6 88. Re8 Kd5 89. Rd8+ Ke6 90. Re8+ Kf5 91. Rf8+ Kg4 92.
Re8 Kf5 93. Rf8+ {Game drawn by mutual agreement} 1/2-1/2

[Event "Team 45 45 League T37 u"]
[Site "Internet Chess Club"]
[Date "2008.06.22"]
[Round "9"]
[White "MrShaw"]
[Black "Silenita"]
[Result "0-1"]
[WhiteElo "1909"]
[BlackElo "1866"]
[Opening "Sicilian: Labourdonnais-Löwenthal variation"]
[ECO "B32"]
[Time "11:04:04"]
[TimeControl "2700+45"]

1. e4 c5 2. Nf3 Nc6 3. d4 cxd4 4. Nxd4 e5 5. Nb5 a6 6. N5a3 Nf6 7. Bg5 h6 8.
Bxf6 Qxf6 9. Nc3 Bc5 10. Qd2 Bxa3 11. bxa3 Qg6 12. f3 O-O 13. Nd5 d6 14. Bc4 Rb8
15. a4 Kh8 16. Rb1 f5 17. exf5 Bxf5 18. Rb2 Nd4 19. Ne7 Qf6 20. Nxf5 Nxf5 21.
Bd5 e4 22. Rxb7 Qa1+ 23. Qd1 Qxd1+ 24. Kxd1 Ne3+ {White resigns} 0-1

[Event "Team 45 45 League T37"]
[Site "Internet Chess Club"]
[Date "2008.06.23"]
[Round "9"]
[White "andrew28"]
[Black "viking99"]
[Result "1-0"]
[WhiteElo "1778"]
[BlackElo "1789"]
[Opening "French: Tarrasch, closed variation, main line"]
[ECO "C06"]
[Time "14:01:36"]
[TimeControl "2700+45"]

1. e4 e6 2. d4 d5 3. Nd2 Nf6 4. e5 Nfd7 5. Bd3 c5 6. c3 Nc6 7. Ne2 cxd4 8. cxd4
Bb4 9. O-O O-O 10. Nf3 a6 11. Bxh7+ Kxh7 12. Ng5+ Kg8 13. Qd3 f5 14. Qh3 Rf7 15.
Qh7+ Kf8 16. Nxe6+ Ke7 17. Nxd8 Nxd8 18. Bg5+ Ke8 19. Bxd8 Kxd8 20. e6 Nf6 21.
Qh8+ Rf8 22. Qxg7 Be7 23. Qg3 Bxe6 24. Rac1 b5 25. Qe5 Bd7 26. Qc7+ Ke8 27. Nf4
Kf7 28. Nxd5 Rfc8 29. Qe5 Nxd5 30. Qxd5+ Be6 31. Qf3 Rd8 32. Qh5+ Kf6 33. Qh6+
Kf7 34. Rfe1 Bf6 35. Rc7+ Bd7 36. Qh7+ Bg7 37. Qxf5+ Bf6 38. Rxd7+ Rxd7 39.
Qxd7+ Kg6 40. Qc6 Ra7 41. Re3 Kg7 42. Rg3+ Kf7 43. Qd5+ Kf8 44. Qg8+ Ke7 45.
Qh7+ {Black resigns} 1-0

[Event "Team 45 45 League T37"]
[Site "Internet Chess Club"]
[Date "2008.06.21"]
[Round "9"]
[White "b-spot"]
[Black "jjmolina"]
[Result "1/2-1/2"]
[WhiteElo "1768"]
[BlackElo "1651"]
[Opening "QGD semi-Slav: anti-Meran, Lilienthal variation"]
[ECO "D44"]
[Time "15:03:37"]
[TimeControl "2700+45"]

1. d4 d5 2. c4 c6 3. Nf3 Nf6 4. Nc3 e6 5. Bg5 dxc4 6. e4 b5 7. e5 h6 8. Bh4 g5
9. Nxg5 hxg5 10. Bxg5 Nbd7 11. g3 Rg8 12. h4 Rxg5 13. hxg5 Nd5 14. g6 fxg6 15.
Qg4 Qe7 16. Bg2 Qf7 17. Be4 Ne7 18. Nxb5 cxb5 19. Bxa8 Nb6 20. Be4 Bd7 21. f3
Bc6 22. O-O-O Nbd5 23. Qg5 Nb4 24. a3 Bxe4 25. fxe4 Nd3+ 26. Kb1 Qf2 27. Qd2
Qxd4 28. Rh8 Qxe5 29. Qc3 Qxc3 30. bxc3 Nc5 31. Rf1 Nd7 32. Rd1 Nc5 33. Kc2 Nc8
34. Rf1 Nd7 35. Kb2 Nd6 36. Rd1 Nxe4 37. Rxd7 Kxd7 38. Rxf8 Nxg3 39. Rg8 Nh5 40.
Rxg6 Nf4 41. Rg7+ Kd6 42. Rxa7 Nd3+ 43. Kc2 e5 44. Kd2 Kc6 45. Ra6+ Kc5 46. Re6
Kd5 47. Re8 Kd6 48. Ke3 Kd7 49. Rb8 Kc6 50. Ke4 Kc5 51. Rd8 Kc6 52. Rd5 Kb6 53.
Rd8 Kc6 54. Rd5 {Game drawn by mutual agreement} 1/2-1/2

[Event "Team 45 45 League T37"]
[Site "Internet Chess Club"]
[Date "2008.06.20"]
[Round "9"]
[White "Shereshevsky"]
[Black "mickeys"]
[Result "0-1"]
[WhiteElo "1564"]
[BlackElo "1856"]
[Opening "QGD: Cambridge Springs defense, Capablanca variation"]
[ECO "D52"]
[Time "21:00:32"]
[TimeControl "2700+45"]

1. d4 e6 2. c4 d5 3. Nf3 Nf6 4. Bg5 Nbd7 5. Nc3 c6 6. e3 Qa5 7. Bxf6 Nxf6 8. Nd2
Bb4 9. Qc2 O-O 10. Bd3 Re8 11. O-O Bd7 12. f4 c5 13. Nb3 Qc7 14. dxc5 dxc4 15.
Bxc4 Bxc5 16. Nxc5 Qxc5 17. Qd3 Rad8 18. Qe2 e5 19. f5 e4 20. Bb3 Bxf5 21. Rac1
Qe5 22. Rf4 Bg6 23. Nb5 a6 24. Nd4 Rxd4 25. Rxf6 Qxf6 26. exd4 Qxd4+ 27. Kh1 Qd3
28. Qf2 e3 29. Qe1 Bh5 30. Bc2 Qd2 31. Kg1 Rc8 32. Bxh7+ Kxh7 33. Qxd2 exd2 34.
Rxc8 d1=Q+ 35. Kf2 Qe2+ 36. Kg3 Qg4+ {White resigns} 0-1

[Event "Team 45 45 League T37"]
[Site "Internet Chess Club"]
[Date "2008.06.20"]
[Round "9"]
[White "XelNaga"]
[Black "PandorasBox"]
[Result "1-0"]
[WhiteElo "2347"]
[BlackElo "2154"]
[Opening "English: symmetrical, Benoni formation"]
[ECO "A31"]
[Time "16:47:32"]
[TimeControl "2700+45"]

1. d4 Nf6 2. c4 c5 3. Nf3 cxd4 4. Nxd4 g6 5. Nc3 Bg7 6. e4 d6 7. Be2 O-O 8. O-O
Nc6 9. Be3 Bd7 10. Qd2 Ng4 11. Bxg4 Bxg4 12. f3 Bd7 13. Rfd1 Ne5 14. b3 Re8 15.
Rac1 b6 16. a4 Rc8 17. Ndb5 Nc6 18. Nd5 Be6 19. b4 Qd7 20. c5 dxc5 21. bxc5 bxc5
22. Rxc5 a6 23. Nb6 Qxd2 24. Rxd2 axb5 25. Nxc8 bxa4 26. Rxc6 Bxc8 27. Rc4 a3
28. Ra4 Bb2 29. Bc5 e5 30. Bxa3 Bd4+ 31. Kf1 Bd7 32. Rb4 f5 33. Bb2 Bc5 34. Rb7
Bc6 35. Rc7 Bb5+ 36. Ke1 Bb4 37. Bc3 Bxc3 38. Rxc3 fxe4 39. fxe4 {Black resigns}
1-0

[Event "Team 45 45 League T37"]
[Site "Internet Chess Club"]
[Date "2008.06.22"]
[Round "9"]
[White "Despair"]
[Black "cappelo-upgrate"]
[Result "0-1"]
[WhiteElo "1956"]
[BlackElo "2204"]
[Opening "Benko's opening"]
[ECO "A00"]
[Time "09:30:10"]
[TimeControl "2700+45"]

1. g3 d5 2. Bg2 Nf6 3. d3 c6 4. Nf3 Bf5 5. O-O e6 6. Bg5 Be7 7. Nbd2 O-O 8. c4
Nbd7 9. e4 dxe4 10. dxe4 Nxe4 11. Bxe7 Qxe7 12. Nd4 Nef6 13. Nxf5 exf5 14. Qc2
g6 15. Rfe1 Qc5 16. Nb3 Qb6 17. c5 Qc7 18. Qc4 Rfe8 19. Qh4 Re6 20. Rac1 Rae8
21. Rxe6 Rxe6 22. Nd4 Re8 23. b4 Qe5 24. Rd1 Ne4 25. Nxc6 bxc6 26. Rxd7 Nd2 27.
Rxd2 Qe1+ 28. Bf1 Qxd2 29. a3 Qb2 30. b5 cxb5 31. Qb4 Qxb4 32. axb4 a6 33. h4
Kf8 34. Bg2 Re1+ 35. Kh2 Ke7 36. Bb7 Rb1 37. Bxa6 Rxb4 38. c6 Kd6 {White
resigns} 0-1

[Event "Team 45 45 League T37"]
[Site "Internet Chess Club"]
[Date "2008.06.21"]
[Round "9"]
[White "JoshuaFranzj"]
[Black "jazzpiano"]
[Result "1/2-1/2"]
[WhiteElo "1860"]
[BlackElo "1802"]
[Opening "French: advance, Paulsen attack"]
[ECO "C02"]
[Time "16:09:22"]
[TimeControl "2700+45"]

1. e4 e6 2. d4 d5 3. e5 c5 4. Nf3 Nc6 5. c3 Qb6 6. a3 c4 7. Be2 Na5 8. Nbd2 Bd7
9. O-O Ne7 10. Rb1 Ng6 11. Re1 Be7 12. Nf1 Nb3 13. Bg5 O-O 14. Bxe7 Nxe7 15.
N3d2 Ba4 16. Nxb3 Qxb3 17. Qxb3 Bxb3 18. Bd1 Bxd1 19. Rexd1 Nc6 20. Ng3 b5 21.
f4 a5 22. f5 b4 23. axb4 axb4 24. fxe6 fxe6 25. Ra1 bxc3 26. bxc3 Na5 27. Ne2
Nb3 28. Rxa8 Rxa8 29. Nf4 Kf7 30. Ne2 Ra2 31. Rf1+ Ke7 32. Kf2 Rc2 33. Ke3 Ke8
34. Rb1 {Game drawn by mutual agreement} 1/2-1/2

[Event "Team 45 45 League T37"]
[Site "Internet Chess Club"]
[Date "2008.06.19"]
[Round "9"]
[White "therealwizard"]
[Black "SuperPeon"]
[Result "1/2-1/2"]
[WhiteElo "2176"]
[BlackElo "2233"]
[Opening "Queen's pawn game"]
[ECO "A46"]
[Time "21:00:56"]
[TimeControl "2700+45"]

1. d4 Nf6 2. Nf3 d6 3. c4 Bf5 4. Nc3 g6 5. Nh4 Bd7 6. e4 Bg7 7. Be2 O-O 8. O-O
e5 9. Nf3 Nc6 10. d5 Ne7 11. Re1 a5 12. c5 dxc5 13. Nxe5 Nxe4 14. Nxe4 Bxe5 15.
Nxc5 Bc8 16. Bf3 Qd6 17. Ne4 Qb6 18. Bh6 Re8 19. d6 cxd6 20. Bf4 Rf8 21. Bh6
{Game drawn by mutual agreement} 1/2-1/2

[Event "Team 45 45 League T37"]
[Site "Internet Chess Club"]
[Date "2008.06.22"]
[Round "9"]
[White "jazzyjoe"]
[Black "Fezzik"]
[Result "1/2-1/2"]
[WhiteElo "1712"]
[BlackElo "2003"]
[Opening "Sicilian: Alapin's variation (2.c3)"]
[ECO "B22"]
[Time "16:04:56"]
[TimeControl "2700+45"]

1. e4 c5 2. c3 e6 3. Nf3 d5 4. exd5 exd5 5. Bb5+ Bd7 6. Qe2+ Qe7 7. O-O Qxe2 8.
Bxe2 Bd6 9. Re1 Ne7 10. d4 O-O 11. dxc5 Bxc5 12. Bd3 Nbc6 13. Be3 Bd6 14. Nbd2
Nf5 15. Bxf5 Bxf5 16. Nd4 Nxd4 17. Bxd4 Bf4 18. Be3 Bxe3 19. Rxe3 Rfe8 20. Rae1
Kf8 21. Rxe8+ Rxe8 22. Rxe8+ Kxe8 23. Kf1 Kd7 {Game drawn by mutual agreement}
1/2-1/2

[Event "Team 45 45 League T37"]
[Site "Internet Chess Club"]
[Date "2008.06.23"]
[Round "9"]
[White "Knight77"]
[Black "Lazerpawn"]
[Result "1/2-1/2"]
[WhiteElo "1875"]
[BlackElo "1673"]
[Opening "Réti: King's Indian attack"]
[ECO "A05"]
[Time "21:01:08"]
[TimeControl "2700+45"]

1. Nf3 Nf6 2. g3 g6 3. Bg2 Bg7 4. O-O O-O 5. d3 d6 6. e4 e5 7. Nbd2 Nbd7 8. Re1
Ne8 9. Nf1 f5 10. Bg5 Nef6 11. Qd2 Rf7 12. exf5 {Game drawn by mutual agreement}
1/2-1/2

[Event "Team 45 45 League T37"]
[Site "Internet Chess Club"]
[Date "2008.06.21"]
[Round "9"]
[White "mickeys"]
[Black "FiendAngelical"]
[Result "0-1"]
[WhiteElo "1846"]
[BlackElo "2006"]
[Opening "King's Indian: Petrosian system, Stein variation"]
[ECO "E92"]
[Time "20:00:13"]
[TimeControl "2700+45"]

1. d4 Nf6 2. Nf3 g6 3. c4 Bg7 4. Nc3 d6 5. e4 O-O 6. Be2 e5 7. d5 a5 8. O-O Na6
9. Ne1 Ne8 10. Nd3 f5 11. f3 f4 12. Bd2 b6 13. a3 Nc5 14. b4 Nxd3 15. Bxd3 g5
16. c5 Rf7 17. Qc2 h5 18. Rfb1 g4 19. Be2 Qh4 20. fxg4 hxg4 21. Be1 g3 22. Bf3
Qxh2+ 23. Kf1 bxc5 24. bxc5 Bh3 25. Ne2 Bxg2+ 26. Bxg2 f3 27. Nxg3 fxg2+ 28. Ke2
g1=Q+ 29. Kd3 Qd4# {White checkmated} 0-1

[Event "Team 45 45 League T37"]
[Site "Internet Chess Club"]
[Date "2008.06.20"]
[Round "9"]
[White "Kingofknights"]
[Black "Avedldesierto"]
[Result "0-1"]
[WhiteElo "1767"]
[BlackElo "1839"]
[Opening "QGD Slav: 3.Nf3"]
[ECO "D11"]
[Time "18:16:05"]
[TimeControl "2700+45"]

1. d4 d5 2. c4 c6 3. Nf3 Bf5 4. Nc3 e6 5. e3 Be7 6. Be2 Nd7 7. h3 Ngf6 8. Nh4
Be4 9. Nf3 Bxf3 10. Bxf3 dxc4 11. Qe2 Nb6 12. a4 Bb4 13. a5 Nbd5 14. Qxc4 Bxa5
15. O-O Bc7 16. Rd1 Qd6 17. e4 Nb6 18. Qd3 Qh2+ 19. Kf1 O-O 20. e5 Nfd5 21. Ne4
h6 22. Ng3 Nd7 23. Ke2 Nxe5 24. dxe5 Bxe5 25. Rh1 Bxg3 26. Rxh2 Bxh2 27. g3 Rfd8
28. Qb3 a6 29. Qxb7 Rab8 30. Qxc6 Rdc8 31. Bxd5 Rxc6 32. Bxc6 Rb6 33. Ba4 h5 34.
Be3 Rxb2+ 35. Kf1 h4 36. Kg2 hxg3 37. Bc6 gxf2 38. Bxf2 Be5 39. Kf1 Rxf2+ 40.
Kxf2 Bxa1 41. Kf3 a5 42. Ke4 f5+ 43. Kf4 Kf7 44. Bd7 Kf6 45. Bc6 e5+ 46. Kf3 g5
47. Bd7 Bd4 48. Bc6 e4+ 49. Ke2 Ke5 50. Bd7 Kf4 51. Kf1 g4 52. hxg4 fxg4 53. Kg2
e3 54. Bb5 Be5 55. Bc6 Bc3 56. Bb5 a4 57. Kf1 a3 58. Bc4 Kf3 59. Bd5+ Kg3 60.
Ke2 Bd4 61. Ba2 Kh2 {White resigns} 0-1

[Event "Team 45 45 League T37"]
[Site "Internet Chess Club"]
[Date "2008.06.21"]
[Round "9"]
[White "Cotesita"]
[Black "tryanything"]
[Result "0-1"]
[WhiteElo "1647"]
[BlackElo "1679"]
[Opening "English: Carls' Bremen system"]
[ECO "A22"]
[Time "17:17:26"]
[TimeControl "2700+45"]

1. c4 Nf6 2. g3 e5 3. Nc3 Nc6 4. Bg2 d6 5. d3 g6 6. Bg5 Bg7 7. Nf3 O-O 8. Nd5
Be6 9. Bxf6 Bxf6 10. Nxf6+ Qxf6 11. O-O Rab8 12. Qd2 Ne7 13. Qa5 c6 14. Qxa7 d5
15. cxd5 cxd5 16. Qe3 Nc6 17. Qg5 Qg7 18. e4 f6 19. Qd2 d4 20. Ne1 Qf7 21. a3
Bb3 22. f4 Kg7 23. fxe5 Nxe5 24. Nf3 Qe6 25. Nxd4 Qb6 26. Qf2 Kg8 27. Nxb3 Qxb3
28. d4 Ng4 29. Qe2 Qe3+ 30. Qxe3 Nxe3 31. Rf3 Nxg2 32. Kxg2 Rbe8 33. Re1 f5 34.
e5 Rd8 35. Rd3 Rfe8 36. d5 Kf7 37. Kf3 g5 38. g4 f4 39. Ke4 Kg6 40. Rb3 Rxe5+
41. Kxe5 Re8+ 42. Kd6 Rxe1 43. Rxb7 f3 44. Rb8 f2 45. Rf8 f1=Q 46. Rxf1 Rxf1 47.
Ke7 Re1+ 48. Kd7 Kf6 49. d6 Rd1 50. Kc7 Ke6 {White resigns} 0-1

[Event "Team 45 45 League T37"]
[Site "Internet Chess Club"]
[Date "2008.06.22"]
[Round "9"]
[White "klutzer"]
[Black "stakastra"]
[Result "1-0"]
[WhiteElo "1632"]
[BlackElo "1518"]
[Opening "Levitsky attack (Queen's bishop attack)"]
[ECO "D00"]
[Time "08:00:09"]
[TimeControl "2700+45"]

1. d4 d5 2. Bg5 Nc6 3. e3 a6 4. c4 Nf6 5. Bxf6 exf6 6. Nc3 Bb4 7. Bd3 Bxc3+ 8.
bxc3 O-O 9. Qh5 g6 10. Qh6 Be6 11. Nf3 dxc4 12. Bc2 Ne7 13. e4 Bg4 14. h3 Bxf3
15. gxf3 Re8 16. O-O-O Qd6 17. Kb2 a5 18. h4 a4 19. a3 Qb6+ 20. Ka2 Ra6 21. Rb1
Qe6 22. Rxb7 f5 23. Qf4 Rc8 24. h5 Qd6 25. Qxd6 Rxd6 26. Bxa4 fxe4 27. fxe4 Rf6
28. Rb2 Rf4 29. hxg6 fxg6 30. e5 Nd5 31. Rc2 Rcf8 32. Rh2 Rf3 33. e6 Nxc3+ 34.
Rxc3 Rxc3 35. e7 Rb8 36. e8=Q+ Rxe8 37. Bxe8 Rd3 38. f4 Rxd4 39. Rf2 c3 40. Kb3
Rd2 41. Rxd2 cxd2 42. Kc2 Kf8 43. Bb5 h5 44. Kxd2 {Black resigns} 1-0

[Event "Team 45 45 League T37"]
[Site "Internet Chess Club"]
[Date "2008.06.22"]
[Round "9"]
[White "Tomate"]
[Black "Fineas-Fogg"]
[Result "1/2-1/2"]
[WhiteElo "1433"]
[BlackElo "1391"]
[Opening "Benkö gambit accepted"]
[ECO "A58"]
[Time "08:33:38"]
[TimeControl "2700+45"]

1. d4 Nf6 2. c4 c5 3. d5 b5 4. cxb5 a6 5. bxa6 Bxa6 6. Nc3 d6 7. g3 Nbd7 8. Bg2
g6 9. e4 Bg7 10. Nge2 O-O 11. O-O Qb8 12. Rb1 Re8 13. Re1 Ne5 14. Nf4 g5 15. Nh5
Nxh5 16. Qxh5 h6 17. b3 Nd3 18. Re3 Bxc3 19. f4 Bd4 20. Qxh6 Bxe3+ 21. Bxe3 Qb4
22. Qxg5+ Kf8 23. Qh6+ Kg8 24. Bh3 Qxe4 25. f5 Qe5 26. Qg5+ Qg7 27. Qh5 Reb8 28.
Bh6 Qd4+ 29. Kh1 Nf2+ 30. Kg2 Qe4+ 31. Kxf2 Qc2+ 32. Ke3 Qd3+ 33. Kf2 Qc2+ 34.
Ke3 {Game drawn by mutual agreement} 1/2-1/2

[Event "Team 45 45 League T37"]
[Site "Internet Chess Club"]
[Date "2008.06.20"]
[Round "9"]
[White "nanning"]
[Black "jacknor"]
[Result "1-0"]
[WhiteElo "1596"]
[BlackElo "1626"]
[Opening "Scandinavian: Pytel-Wade variation"]
[ECO "B01"]
[Time "09:02:03"]
[TimeControl "2700+45"]

1. e4 d5 2. exd5 Qxd5 3. Nc3 Qd6 4. d4 Nf6 5. Nf3 a6 6. Bc4 b5 7. Bb3 Bb7 8. O-O
e6 9. Re1 Be7 10. Ng5 O-O 11. Nxe6 Nd5 12. Nxf8 Nxc3 13. bxc3 Bxf8 14. Qh5 Nd7
15. Qxf7+ Kh8 16. Qg8# {Black checkmated} 1-0

[Event "Team 45 45 League T37"]
[Site "Internet Chess Club"]
[Date "2008.06.21"]
[Round "9"]
[White "badmove"]
[Black "SATELLITE-DAN"]
[Result "0-1"]
[WhiteElo "1626"]
[BlackElo "1649"]
[Opening "Bird's opening"]
[ECO "A03"]
[Time "17:00:43"]
[TimeControl "2700+45"]

1. f4 d5 2. Nf3 Nf6 3. e3 Nc6 4. Be2 Bf5 5. d3 Qd7 6. Nc3 O-O-O 7. d4 e6 8. Ne5
Nxe5 9. fxe5 Ne4 10. Nxe4 Bxe4 11. Bf3 Qe7 12. g3 Bg6 13. Qe2 Qd7 14. e4 Qc6 15.
exd5 exd5 16. c3 h5 17. a4 Be7 18. Qb5 Qe6 19. Bf4 f6 20. Qe2 Bf5 21. Rg1 g5 22.
Bd2 g4 23. Bg2 h4 24. Bf4 Rde8 25. Kd2 h3 26. Bh1 a6 27. Rgc1 Qb6 28. b4 Bxb4
29. cxb4 fxe5 30. Bxe5 Qxb4+ 31. Kd1 Qb3+ 32. Ke1 Rh7 33. Qd2 Qb6 34. Kd1 Rhe7
35. Ra3 Rxe5 36. dxe5 Rxe5 37. Qf4 Qg1+ 38. Kd2 Qxh2+ 39. Kc3 Qe2 40. Qd4 c6 41.
Bxd5 Rxd5 42. Qh8+ Kc7 43. Qg7+ Rd7 44. Qf6 Rd3+ 45. Kb4 Qe4+ 46. Rc4 a5+ 47.
Kxa5 Qxc4 48. Qe5+ Rd6 49. Qe7+ Bd7 {White resigns} 0-1

[Event "Team 45 45 League T37"]
[Site "Internet Chess Club"]
[Date "2008.06.22"]
[Round "9"]
[White "vampi"]
[Black "quotha"]
[Result "0-1"]
[WhiteElo "1529"]
[BlackElo "1606"]
[Opening "Philidor: exchange variation"]
[ECO "C41"]
[Time "07:00:07"]
[TimeControl "2700+45"]

1. e4 e5 2. Nf3 d6 3. d4 exd4 4. Nxd4 Be7 5. Nc3 Nf6 6. Bf4 O-O 7. Qd2 a6 8. f3
b5 9. a3 Bb7 10. Bd3 g6 11. h4 c5 12. Nde2 c4 13. g4 Nc6 14. e5 Nxe5 15. Bxe5
dxe5 16. Be4 Qxd2+ 17. Kxd2 Rad8+ 18. Ke3 Bc5+ 19. Nd4 exd4+ 20. Ke2 dxc3 21.
Bxb7 cxb2 22. Rab1 c3 23. Bxa6 Ra8 24. Bxb5 Rxa3 25. Bc6 Rc8 26. Bb7 Rc7 27. Be4
Rca7 28. Kd3 R7a4 29. Bc6 Rd4+ 30. Ke2 Rd2+ 31. Ke1 Rxc2 32. g5 Ra1 33. Kd1 Rd2+
{White resigns} 0-1

[Event "Team 45 45 League T37"]
[Site "Internet Chess Club"]
[Date "2008.06.22"]
[Round "9"]
[White "john-beebs"]
[Black "ZiggyStardust"]
[Result "1-0"]
[WhiteElo "1495"]
[BlackElo "1567"]
[Opening "Four knights: Spanish, classical defense"]
[ECO "C48"]
[Time "06:07:30"]
[TimeControl "2700+45"]

1. e4 e5 2. Nf3 Nc6 3. Nc3 Nf6 4. Bb5 Bc5 5. O-O O-O 6. Re1 Ng4 7. Re2 d6 8.
Bxc6 bxc6 9. d4 exd4 10. Nxd4 Bxd4 11. Qxd4 Ba6 12. Re1 Qh4 13. Bf4 c5 14. Qd2
f5 15. Bg3 Qh5 16. Nd5 f4 17. Bxf4 Rf7 18. h3 Nf6 19. Nxf6+ Rxf6 20. e5 Rff8 21.
exd6 cxd6 22. Re7 Qh4 23. Qxd6 Qxf4 24. Qxa6 Qxf2+ 25. Kh1 Qxc2 26. Re2 Qf5 27.
Rae1 Qf7 28. b3 Rae8 29. Rxe8 Rxe8 30. Rxe8+ Qxe8 31. Qc4+ Qf7 32. Qxc5 Qf1+ 33.
Qg1 Qa6 34. Qe3 h6 35. a4 Qd6 36. Qxa7 Qd1+ 37. Kh2 Qxb3 38. a5 Qd3 39. Qb6 Qe4
40. Qb8+ Kh7 41. a6 g5 42. a7 g4 43. a8=Q g3+ 44. Kxg3 Qe1+ 45. Kh2 h5 46. Qc7+
Kh6 47. Qac6+ Kg5 48. Qg3+ Qxg3+ 49. Kxg3 h4+ 50. Kf3 Kh5 51. Qc5+ Kh6 52. Kg4
Kh7 53. Qc6 Kh8 54. Qc7 Kg8 55. Kh5 Kh8 56. Kg6 {Black resigns} 1-0

[Event "Team 45 45 League T37"]
[Site "Internet Chess Club"]
[Date "2008.06.23"]
[Round "9"]
[White "moreffee"]
[Black "EyeAm"]
[Result "0-1"]
[WhiteElo "1206"]
[BlackElo "1431"]
[Opening "Petrov: Nimzovich attack"]
[ECO "C42"]
[Time "14:01:42"]
[TimeControl "2700+45"]

1. e4 e5 2. Nf3 Nf6 3. Nxe5 d6 4. Nf3 Nxe4 5. Nc3 Nxc3 6. dxc3 Be7 7. Be3 Nd7 8.
Qd2 O-O 9. O-O-O Ne5 10. Bd3 Nxd3+ 11. cxd3 h6 12. h3 c5 13. Nh2 Be6 14. c4 Qb6
15. Ng4 h5 16. Nh2 d5 17. Qe2 Qa5 18. Kb1 Rfe8 19. g4 dxc4 20. dxc4 b5 21. b3
bxc4 22. bxc4 Rab8+ 23. Kc1 Bf6 24. Rd2 Qa3+ 25. Kd1 Rb1+ 26. Kc2 Qxa2+ 27. Kd3
Qxc4# {White checkmated} 0-1

[Event "Team 45 45 League T37"]
[Site "Internet Chess Club"]
[Date "2008.06.22"]
[Round "9"]
[White "Hastings"]
[Black "jjaillet2007"]
[Result "0-1"]
[WhiteElo "1281"]
[BlackElo "1254"]
[Opening "French: advance, Euwe variation"]
[ECO "C02"]
[Time "16:06:58"]
[TimeControl "2700+45"]

1. e4 e6 2. d4 d5 3. e5 c5 4. c3 Nc6 5. Nf3 Bd7 6. a3 cxd4 7. cxd4 f6 8. Bd3
fxe5 9. dxe5 Bc5 10. O-O Nge7 11. Nc3 O-O 12. Bxh7+ Kh8 13. Bd3 Nf5 14. Ng5 Qe8
15. Nb5 Bb6 16. Bxf5 exf5 17. Nd6 Qg6 18. Qxd5 Nd8 19. Qf3 Bc6 20. Qh3+ Kg8 21.
Be3 Bxe3 22. Qxe3 f4 23. Qb3+ Kh8 24. Nf3 Ne6 25. Rfd1 Ng5 26. Nh4 Qh5 27. g3
fxg3 28. hxg3 Nh3+ 29. Kh2 Rxf2+ 30. Kxh3 Bg2+ 31. Kh2 Bd5+ {White resigns} 0-1